 Dungeon Crawl Stone Soup version 0.29-a0-344-ge2f44be95a (webtiles) character file.

Game seed: 1844477865473581895

123156 iguanaiguana the Peltast (level 16, -12/169 (184) HPs)
             Began as a Minotaur Chaos Knight on Apr 21, 2022.
             Was a Plaything of Xom.
             Killed by divine providence
             ... invoked by a meliai
              (14 damage)
             ... on level 3 of the Spider Nest.
             The game lasted 01:29:27 (31232 turns).

iguanaiguana the Peltast (Minotaur Chaos Knight)   Turns: 31232, Time: 01:29:28

HP:   -12/169 (184) AC: 28    Str: 17 (25) XL:     16   Next: 36%
MP:   15/15         EV:  2    Int: 12 (13) God:    Xom [*.....]
Gold: 2870          SH: 21    Dex:  9 (10) Spells: 15/15 levels left

rFire   . . .      SeeInvis .   b - +8 broad axe (freeze)
rCold   . . .      Faith    .   z - +2 tower shield
rNeg    . . .      Spirit   .   (body armour currently unavailable)
rPois   +          Reflect  .   (helmet currently unavailable)
rElec   .          Harm     .   (cloak currently unavailable)
rCorr   +          Rampage  .   (gloves currently unavailable)
Will    +....      NoTele   +   (boots currently unavailable)
Stlth   +.........              n - amulet of the acrobat
HPRegen 0.38/turn               G - +4 ring of slaying
MPRegen 0.14/turn               h - ring of resist corrosion

@: mighty, tree-form, slowed, drained, very slow
A: stationary, stasis, torment immunity, boosted hp, (horns 2), (retaliatory
headbutt), (iridescent scales 3), (large bone plates 1), clever 2, (deformed
body), deterioration 1, frail 1, sense surroundings 1
a: Renounce Religion


You were on level 3 of the Spider Nest.
You worshipped Xom.
You were a special plaything of Xom.
You were a tree.
You visited 4 branches of the dungeon, and saw 26 of its levels.
You also visited: Sewer and Bailey.

You collected 4095 gold pieces.
You spent 1225 gold pieces at shops.

Inventory:

Hand Weapons
 a - a +3 hand axe of flaming
 b - a +8 broad axe of freezing (weapon)
Missiles
 p - 2 throwing nets
 t - 26 poisoned darts
 w - 34 boomerangs
 H - 7 curare-tipped darts
 X - 2 silver javelins
 Y - 3 silver boomerangs (quivered)
Armour
 d - a +2 cloak (melded)
 k - a +0 kite shield
 z - a +2 tower shield (worn)
 A - a +1 pair of gloves (melded)
 D - a +0 pair of boots (melded)
 P - +3 gold dragon scales (melded)
Jewellery
 f - a ring of positive energy
 h - a ring of resist corrosion (right branch)
 l - the ring "Xusiaheu" {Fire Fly rElec Dex+8 Stlth-}
   (You acquired it on level 4 of the Dungeon)

   [ring of fire]

   It enhances your fire magic.
   Dex:       It affects your dexterity (+8).
   rF:        It protects you from fire.
   rC:        It makes you vulnerable to cold.
   rElec:     It insulates you from electricity.
   Fly:       It grants you flight.
   Stlth:     It makes you less stealthy.
 n - an amulet of the acrobat (around neck)
 y - a ring of willpower
 G - a +4 ring of slaying (left branch)
 Q - a ring of protection from cold
Wands
 e - a wand of charming (4)
 g - a wand of acid (9) {@v1}
 m - a wand of iceblast (17) {@v2}
 q - a wand of mindburst (26)
 x - a wand of polymorph (5)
 B - a wand of paralysis (12)
 F - a wand of flame (62)
 V - a wand of digging (7) {@v3}
Scrolls
 i - a scroll of vulnerability
 o - a scroll of amnesia
 s - a scroll of blinking {@r4}
 v - 6 scrolls of fog
 C - 7 scrolls of teleportation {@r3}
 L - a scroll of magic mapping {@r5}
 M - 3 scrolls of immolation
Potions
 j - a potion of cancellation
 r - 4 potions of resistance {@q5}
 E - a potion of curing {@q1}
 Z - 3 potions of might {@q3}
Miscellaneous
 c - a piece from Xom's chessboard (15/15)
 J - a box of beasts
 K - a condenser vane
 N - a tin of tremorstones (1/2)


   Skills:
 * Level 11.3 Fighting
 - Level 17.3(18.0) Axes
 - Level 7.7(14.4) Polearms
 - Level 8.0(9.4) Staves
 - Level 12.0 Throwing
 - Level 10.5 Armour
 - Level 2.5 Dodging
 - Level 18.7 Shields
 - Level 8.0 Evocations


You had 15 spell levels left.
You didn't know any spells.
Your spell library contained the following spells:

 Spells                   Type           Power      Damage    Failure   Level
 Animate Skeleton         Necr           0%         N/A       63%         1
 Pain                     Necr           0%         1d4       63%         1
 Shock                    Conj/Air       0%         1d3       63%         1
 Slow                     Hex            0%         N/A       63%         1
 Blink                    Tloc           0%         N/A       77%         2
 Static Discharge         Conj/Air       0%         N/A       77%         2
 Confusing Touch          Hex            0%         N/A       94%         3
 Gell's Gravitas          Tloc           0%         N/A       94%         3
 Lesser Beckoning         Tloc           0%         N/A       94%         3
 Ozocubu's Armour         Ice            0%         N/A       94%         3
 Portal Projectile        Hex/Tloc       0%         N/A       94%         3
 Swiftness                Air            0%         N/A       94%         3
 Teleport Other           Tloc           0%         N/A       94%         3
 Tukima's Dance           Hex            0%         N/A       94%         3
 Vampiric Draining        Necr           0%         2d6       94%         3
 Airstrike                Air            0%         N/A       100%        4
 Animate Dead             Necr           0%         N/A       100%        4
 Passage of Golubria      Tloc           0%         N/A       100%        4
 Summon Ice Beast         Ice/Summ       0%         N/A       100%        4
 Blade Hands              Tmut           0%         N/A       100%        5
 Excruciating Wounds      Necr           0%         N/A       100%        5
 Lightning Bolt           Conj/Air       0%         1d11      100%        5
 Manifold Assault         Tloc           0%         N/A       100%        5
 Summon Mana Viper        Hex/Summ       0%         N/A       100%        5
 Yara's Violent Unravell  Hex/Tmut       0%         3d3       100%        5
 Haunt                    Necr/Summ      0%         N/A       100%        7
 Monstrous Menagerie      Summ           0%         N/A       100%        7
 Ozocubu's Refrigeration  Ice            0%         4d5       100%        7
 Infestation              Necr           0%         N/A       100%        8
 Maxwell's Capacitive Co  Air            0%         ∞         100%        8


Dungeon Overview and Level Annotations

Branches:
Dungeon (15/15)            Temple (0/1) D:6            Lair (6/6) D:10
 Shoals (0/4) Lair:3       Spider (3/4) Lair:4        Slime (0/5) Lair:6
    Orc (2/2) D:9             Elf (0/3) Orc:2        Vaults (0/5) D:14
 Depths (0/4) D:15          Sewer (visited)          Bailey (visited)

Altars:
Cheibriados
Dithmenos
Elyvilon
Hepliaklqana
Makhleb
Sif Muna
Wu Jian
Xom
Yredelemnul
Zin
The Shining One
Beogh
Jiyva

Shops:
D:15 *   Orc:2 (((*(*:[

Annotations:
Lair:6 1 runed translucent door
Orc:1 1 runed translucent door, SirDiesAlot's ghost, journeyman FoAK


Innate Abilities, Weirdness & Mutations

You are a tree.
Your roots penetrate the ground, keeping you stationary.
You cannot be teleported.
You are immune to unholy pain and torment.
Your maximum health is greatly increased.
Your equipment is partially melded.
((You have a pair of horns on your head.))
((You reflexively headbutt those who attack you in melee.))
((You are completely covered in iridescent scales. (AC +6)))
((You are partially covered in large bone plates. (SH +4)))
Your mind is very acute. (Int +4)
((Armour fits poorly on your strangely shaped body.))
Your body sometimes deteriorates upon taking damage.
You are frail. (-10% HP)
You passively map a small area around you.


Message History

You block the jorogumo's attack. You block the meliai's attack.
The meliai stings you but does no damage.
The jumping spider leaps!
You closely miss the meliai. You closely miss the jorogumo.
The meliai calls down the wrath of its god upon you.
Something smites you!
* * * LOW HITPOINT WARNING * * *
Xom is highly amused!
You block the jorogumo's attack.
The jumping spider leaps!
You block the meliai's attack. x2
You feel better. You block the meliai's attack.
The meliai stings you but does no damage.
You block the jorogumo's attack. The meliai hits you with a +0 hand axe.
* * * LOW HITPOINT WARNING * * *
You block the meliai's attack.
The jumping spider pounces on you but does no damage.
The jumping spider bites you.
* * * LOW HITPOINT WARNING * * *
The jorogumo hits you.
* * * LOW HITPOINT WARNING * * *
You feel better. You block the meliai's attack.
The meliai stings you but does no damage.
You block the jumping spider's attack.
The jumping spider bites you but does no damage.
The meliai hits you but does no damage.
The meliai stings you but does no damage.
The meliai calls down the wrath of its god upon you.
Something smites you!
* * * LOW HITPOINT WARNING * * *
The jorogumo hits you!
* * * LOW HITPOINT WARNING * * *
You feel yourself slow down.
Okay, then.
As you read the scroll of summoning, it crumbles to dust.
Wisps of shadow whirl around you... You block the meliai's attack. x2
The jumping spider leaps!
The meliai invokes the aid of its god against you.
Something smites you!
You die...
Xom is highly amused!

...#...#..##*,.#^#.#†###.s#.##
..##..#....#*,..,.##H#..**...##*#
#...#...#..#*,,...#.s.#.#,,#..,.#
.##.#..#..#######...#....,,.y*^.#
#....##..#...^###..#^#<#.##.#..#*
..#.#..##...)s##..#.#.#.#.#....#*
...##..#..###.H##.....##...#*,,,*
#...##.....$.#w○#y.##......#**,,*
#....##...#....#♣#.#^###.#...#,*^
###.^####....#..#HH......#.#..#,,
# *...*,....##..###.#...#..##...#
# ***,,#.######..,#.^.##....,##..
* **,..,,*.^$...#.#....##.,..,# *
*,,*,*^*.....##.#^##..##>#*,, *
*,,**,*,,.##....†#...#...#*,^ *
**,,,,*,,[#..#....#.#..#,,,*, *
*,^,*,,*#..##.#.#...#.#*,,>*


You could see a jorogumo (ally target), a jumping spider (ally target), a
meliai, 2 friendly jorogumos and a friendly steelbarb worm (summoned).

Vanquished Creatures
  An orc warlord (Bailey)
  2 emperor scorpions
  3 ghost moths
  A broodmother (Spider:1)
  A minotaur (Lair:6)
  3 entropy weavers
  A spark wasp (Spider:2)
  A fire dragon (D:15)
  4 vault guards (D:14)
  5 hydras
  An ice dragon (D:15)
  3 boulder beetles
  3 catoblepae (Lair:6)
  A jorogumo (Spider:2)
  An ogre mage (D:14)
  A two-headed ogre (D:7)
  3 centaur warriors
  A death knight (D:11)
  3 radroaches
  10 death yaks
  A tengu warrior (D:15)
  A sun moth (Spider:3)
  5 pharaoh ants
  3 steelbarb worms
  6 orb spiders
  2 deep elf archers (D:14)
  4 lindwurms (D:8)
  A deep elf pyromancer (D:14)
  3 orc knights
  2 orc sorcerers (Orc:1)
  14 wolf spiders
  13 ugly things
  4 cyclopes
  4 manticores
  7 black mambas
  Joseph (D:9)
  19 elephants
  2 moths of wrath (Spider:2)
  6 cane toads
  3 torpor snails (Spider:1)
  5 gargoyles
  Maggie (D:6)
  4 demonic crawlers
  15 komodo dragons
  A yaktaur (D:14)
  2 rime drakes
  A rime drake (shapeshifter) (D:7)
  2 efreet (D:14)
  A tengu conjurer (D:14)
  A meliai (shapeshifter) (D:15)
  3 polar bears
  Grinder (D:3)
  A troll (D:12)
  2 meliai
  A troll (shapeshifter) (Lair:1)
  9 blink frogs
  A wind drake (shapeshifter) (D:15)
  6 slime creatures
  A wind drake (Lair:3)
  A hornet (D:8)
  21 tarantellas
  Prince Ribbit (D:6)
  9 jumping spiders
  A centaur simulacrum (D:15)
  10 culicivoras
  A vampire (D:10)
  A spriggan (Lair:6)
  A jumping spider (shapeshifter) (D:13)
  A wraith (D:10)
  2 shadows
  8 wyverns
  71 yaks
  A hog (shapeshifter) (D:15)
  8 vampire mosquitoes
  2 basilisks
  28 redbacks
  Menkaure (D:6)
  15 water moccasins
  An acid dragon (D:10)
  32 orc warriors
  6 black bears
  3 ogres
  6 wolves (Lair:6)
  16 centaurs
  2 phantoms
  3 gnoll sergeants
  2 kobold brigands
  12 bullfrogs
  2 necrophages
  5 wights (D:6)
  7 killer bees
  4 howler monkeys
  An electric eel (D:13)
  2 jellies
  4 hounds
  16 orc priests
  Crazy Yiuf (D:2)
  A gnoll shaman (D:7)
  Ijyb (D:3)
  5 iguanas
  Natasha (thrice) (D:4)
  18 orc wizards
  3 hell rats (Lair:2)
  7 adders
  19 gnolls
  A river rat (D:2)
  2 white imps (D:7)
  An ufetubus (D:6)
  3 worms
  7 dart slugs
  62 orcs
  9 ball pythons
  5 bats
  8 endoplasms
  4 giant cockroaches
  11 goblins
  10 hobgoblins
  9 jackals
  21 kobolds
  3 quokkas
  4 frilled lizards
  3 rats
736 creatures vanquished.

Vanquished Creatures (collateral kills)
  A jorogumo (Spider:1)
  2 death yaks
  An orc knight (D:15)
  A black mamba (Lair:2)
  A tarantella (Spider:1)
  2 culicivoras (Spider:1)
  A hell rat (Lair:2)
  2 kobolds (Bailey)
11 creatures vanquished.

Vanquished Creatures (others)
  A manticore (Lair:6)
  A redback (Spider:2)
  An orc wizard (D:3)
  A goblin (Bailey)
  59 fungi
  49 plants
112 creatures vanquished.

Grand Total: 859 creatures vanquished

Notes
Turn   | Place    | Note
-------+----------+-------------------------------------------
     0 | D:1      | iguanaiguana the Minotaur Chaos Knight began the quest for
                  | the Orb.
     0 | D:1      | Reached XP level 1. HP: 19/19 MP: 0/0
   140 | D:1      | Reached XP level 2. HP: 27/27 MP: 1/1
   332 | D:1      | XOM: silly message
   343 | D:1      | XOM: silly message
   401 | D:1      | Found a faded altar of an unknown god.
   437 | D:1      | Reached XP level 3. HP: 25/33 MP: 2/2
   579 | D:1      | XOM is BORED!
   797 | D:1      | Reached skill level 5 in Polearms
   934 | D:2      | XOM: polymorph adder -> river rat
  1060 | D:2      | Identified the +8 falchion "Demonslayer" {vorpal, Str+4
                  | Stlth+}
  1259 | D:2      | XOM: summons 2 hostile demons
  1264 | D:2      | XOM: give mutation
  1264 | D:2      | Gained mutation: You are frail. (-10% HP) [Xom's mischief]
  1369 | D:2      | Reached XP level 4. HP: 36/36 MP: 3/3
  1375 | D:2      | Found a glowing silver altar of Zin.
  1591 | D:2      | Found a runed translucent door.
  1592 | D:2      | Noticed Crazy Yiuf
  1605 | D:2      | Killed Crazy Yiuf
  1707 | D:2      | XOM: 3-stop teleportation journey
  2347 | D:3      | XOM: give mutations
  2347 | D:3      | Gained mutation: Your body sometimes deteriorates upon
                  | taking damage. [Xom's mischief]
  2348 | D:3      | Found a hazy altar of Hepliaklqana.
  2381 | D:3      | Noticed Grinder
  2397 | D:3      | XOM: torment (18/36 hp)
  2440 | D:3      | Killed Grinder
  2441 | D:3      | Reached XP level 5. HP: 27/41 MP: 4/4
  2441 | D:3      | Reached XP level 6. HP: 30/46 MP: 5/5
  2572 | D:3      | Noticed Ijyb
  2581 | D:3      | Killed Ijyb
  2588 | D:3      | XOM: enchant monster (bad)
  2598 | D:3      | XOM: swap monsters
  2975 | D:4      | Reached skill level 1 in Staves
  2977 | D:4      | XOM: give mutation
  2977 | D:4      | Gained mutation: You are dopey. (Int -2) [Xom's mischief]
  2986 | D:4      | Reached skill level 5 in Armour
  3029 | D:4      | Identified a scroll of acquirement
  3092 | D:4      | Reached XP level 7. HP: 48/52 MP: 6/6
  3094 | D:4      | XOM: blink monster(s)
  3153 | D:4      | Found a snail-covered altar of Cheibriados.
  3213 | D:4      | Found a glowing drain.
  3227 | Sewer    | Entered a sewer
  3683 | D:4      | Found an ornate altar of the Wu Jian Council.
  3855 | D:4      | Noticed Natasha
  3861 | D:4      | Killed Natasha
  3866 | D:4      | XOM: torment (30/52 hp)
  4060 | D:4      | Found an ornate altar of the Wu Jian Council.
  4060 | D:4      | XOM: 6-stop teleportation journey
  4094 | D:4      | Found a snail-covered altar of Cheibriados.
  4321 | D:4      | Noticed Natasha
  4329 | D:4      | Killed Natasha
  4340 | D:4      | XOM: noise
  4341 | D:4      | Lost mutation: Your body sometimes deteriorates upon taking
                  | damage. [potion of mutation]
  4341 | D:4      | Lost mutation: You are dopey. (Int -2) [potion of mutation]
  4341 | D:4      | Gained mutation: You sometimes lose the ability to read
                  | scrolls when taking damage. [potion of mutation]
  4342 | D:4      | Lost mutation: You sometimes lose the ability to read
                  | scrolls when taking damage. [potion of mutation]
  4342 | D:4      | Lost mutation: You are frail. (-10% HP) [potion of
                  | mutation]
  4342 | D:4      | Gained mutation: You sometimes lose the ability to read
                  | scrolls when taking damage. [potion of mutation]
  4361 | D:4      | XOM: draining
  4449 | D:4      | XOM: give mutations
  4449 | D:4      | Gained mutation: Armour fits poorly on your strangely
                  | shaped body. [Xom's mischief]
  4449 | D:4      | Lost mutation: Armour fits poorly on your strangely shaped
                  | body. [Xom's mischief]
  4449 | D:4      | Gained mutation: You are frail. (-10% HP) [Xom's mischief]
  4449 | D:4      | Gained mutation: You have an increased reservoir of magic.
                  | (+10% MP) [Xom's mischief]
  4459 | D:4      | Noticed Natasha
  4465 | D:4      | Killed Natasha
  4716 | D:5      | Entered Level 5 of the Dungeon
  4728 | D:5      | XOM: stat loss: -1 Int (8/9)
  4748 | D:5      | Reached skill level 5 in Staves
  5064 | D:5      | XOM: noise
  5068 | D:5      | Reached XP level 8. HP: 59/59 MP: 7/7
  5653 | D:6      | Noticed Prince Ribbit
  5659 | D:6      | Killed Prince Ribbit
  5698 | D:6      | Noticed Maggie
  5698 | D:6      | Noticed Menkaure
  5846 | D:6      | Found a staircase to the Ecumenical Temple.
  5856 | D:6      | Reached skill level 1 in Axes
  5881 | D:6      | XOM: 1-stop teleportation journey
  5886 | D:6      | Killed Menkaure
  6122 | D:6      | XOM: summons 8 friendly demons
  6356 | D:6      | Killed Maggie
  6357 | D:6      | Reached skill level 5 in Axes
  6357 | D:6      | Reached XP level 9. HP: 39/63 MP: 8/8
  6566 | D:6      | XOM: repel stairs
  6796 | D:7      | XOM: noise
  6870 | D:7      | XOM: noise
  6870 | D:7      | Noticed a rime drake
  6870 | D:7      | a shapeshifter changed into a rime drake
  6873 | D:7      | XOM: chaos upgrade
  6876 | D:7      | Killed a rime drake
  6900 | D:7      | Found a flagged portal.
  7069 | Bailey   | Entered a bailey
  7139 | Bailey   | Noticed an orc warlord
  7192 | Bailey   | Noticed an orc knight
  7195 | Bailey   | XOM: cast spell 'Cause Fear'
  7207 | Bailey   | Found a runed translucent gate.
  7207 | Bailey   | Found a runed translucent gate.
  7207 | Bailey   | Found a runed translucent gate.
  7207 | Bailey   | XOM: 9-stop teleportation journey
  7209 | Bailey   | XOM: divine lightning
  7211 | Bailey   | XOM: summons 3 friendly demons
  7217 | Bailey   | XOM: swap monsters
  7225 | Bailey   | Killed an orc knight
  7226 | Bailey   | Reached skill level 10 in Armour
  7226 | Bailey   | Reached XP level 10. HP: 4/70 MP: 10/10
  7259 | Bailey   | XOM: noise
  7489 | Bailey   | Lost mutation: You sometimes lose the ability to read
                  | scrolls when taking damage. [potion of mutation]
  7489 | Bailey   | Lost mutation: You are frail. (-10% HP) [potion of
                  | mutation]
  7489 | Bailey   | Lost mutation: You have an increased reservoir of magic.
                  | (+10% MP) [potion of mutation]
  7489 | Bailey   | Gained mutation: Your system is resistant to poisons.
                  | (rPois) [potion of mutation]
  7489 | Bailey   | Gained mutation: You possess an exceptional clarity of
                  | mind. [potion of mutation]
  7489 | Bailey   | Gained mutation: You are dopey. (Int -2) [potion of
                  | mutation]
  7748 | Bailey   | XOM: silly message
  7753 | Bailey   | XOM: confuse monster(s)
  7756 | Bailey   | Killed an orc warlord
  7757 | Bailey   | Reached skill level 10 in Axes
  7757 | Bailey   | Reached skill level 2 in Shields
  7805 | Bailey   | Acquired the ring "Xusiaheu" {Fire Fly rElec Dex+8 Stlth-}
  7816 | Bailey   | Acquired 729 gold pieces
  7947 | D:7      | XOM: scenery: 1 doors open
  7950 | D:7      | Noticed a two-headed ogre
  7950 | D:7      | XOM: destruction
  7955 | D:7      | Killed a two-headed ogre
  8003 | D:7      | XOM: scenery: 1 doors close
  8492 | D:7      | XOM: silly message
  8694 | D:7      | XOM: give mutations
  8694 | D:7      | Gained mutation: Your flesh is heat resistant. (rF+) [Xom's
                  | grace]
  8694 | D:7      | Gained mutation: You have a pair of large horns on your
                  | head. [Xom's grace]
  8882 | D:7      | XOM: give mutation
  8882 | D:7      | Lost mutation: You are dopey. (Int -2) [Xom's mischief]
  8889 | D:7      | XOM: give mutation
  8889 | D:7      | Gained mutation: You sometimes lose the ability to read
                  | scrolls when taking damage. [Xom's mischief]
  9006 | D:8      | XOM: 3-stop teleportation journey
  9024 | D:8      | Noticed a lindwurm
  9029 | D:8      | Killed a lindwurm
  9030 | D:8      | Reached skill level 4 in Shields
  9030 | D:8      | Noticed a lindwurm
  9032 | D:8      | XOM: cleaving
  9035 | D:8      | Killed a lindwurm
  9035 | D:8      | Noticed a lindwurm
  9036 | D:8      | Reached skill level 6 in Shields
  9037 | D:8      | Noticed a lindwurm
  9240 | D:8      | XOM: 1-stop teleportation journey
  9249 | D:8      | Found a burning altar of Makhleb.
  9326 | D:8      | Paralysed by a hornet for 1 turns
  9580 | D:8      | Reached skill level 7 in Shields
  9580 | D:8      | Reached XP level 11. HP: 79/83 MP: 10/10
  9691 | D:8      | XOM: give mutations
  9691 | D:8      | Gained mutation: Armour fits poorly on your strangely
                  | shaped body. [Xom's mischief]
  9691 | D:8      | Gained mutation: You occasionally shout uncontrollably at
                  | your foes. [Xom's mischief]
  9691 | D:8      | Gained mutation: You are clumsy. (Dex -2) [Xom's mischief]
  9700 | D:8      | Killed a lindwurm
  9701 | D:8      | Reached skill level 8 in Shields
  9829 | D:8      | XOM: summons 3 hostile demons
  9919 | D:8      | Killed a lindwurm
 10145 | D:9      | Noticed Joseph
 10146 | D:9      | Reached skill level 9 in Shields
 10159 | D:9      | Killed Joseph
 10272 | D:9      | XOM: god gift: 31 gold pieces
 10281 | D:9      | XOM: scenery: create altars
 10480 | D:9      | Found a shadowy altar of Dithmenos.
 10512 | D:9      | Found a staircase to the Orcish Mines.
 10565 | D:9      | Found a shimmering blue altar of Sif Muna.
 10804 | Orc:1    | Entered Level 1 of the Orcish Mines
 10816 | Orc:1    | Noticed an orc sorcerer
 10860 | D:9      | XOM is BORED!
 10860 | D:9      | XOM: smoke on damage
 10860 | D:9      | XOM: torment (43/83 hp)
 11036 | D:10     | Entered Level 10 of the Dungeon
 11036 | D:10     | Found a staircase to the Lair.
 11111 | D:10     | Found a basalt altar of Yredelemnul.
 11215 | D:10     | Reached skill level 10 in Shields
 11299 | D:10     | XOM: cloud trail
 11415 | D:10     | Reached skill level 11 in Shields
 11569 | D:10     | Found a white marble altar of Elyvilon.
 11706 | D:10     | Found a glowing golden altar of the Shining One.
 11757 | D:10     | XOM: silly message
 11876 | Lair:1   | Entered Level 1 of the Lair of Beasts
 11876 | Lair:1   | You fall into a shaft and drop 1 floor!
 12100 | Lair:1   | XOM: blink monster(s)
 12112 | Lair:1   | XOM: summons 2 hostile demons
 12189 | Lair:1   | XOM: give mutation
 12189 | Lair:1   | Gained mutation: You are dopey. (Int -2) [Xom's mischief]
 12222 | Lair:1   | XOM: polymorph cane toad -> shapeshifter
 12564 | Lair:1   | Lost mutation: Armour fits poorly on your strangely shaped
                  | body. [potion of mutation]
 12564 | Lair:1   | Lost mutation: Your system is resistant to poisons. (rPois)
                  | [potion of mutation]
 12564 | Lair:1   | Lost mutation: You possess an exceptional clarity of mind.
                  | [potion of mutation]
 12564 | Lair:1   | Lost mutation: You are dopey. (Int -2) [potion of mutation]
 12564 | Lair:1   | Gained mutation: You are partially covered in iridescent
                  | scales. (AC +2) [potion of mutation]
 12693 | Lair:1   | XOM: 2-stop teleportation journey
 13045 | Lair:1   | Reached XP level 12. HP: 86/91 MP: 11/11
 13471 | Lair:2   | XOM: cast spell 'Death Channel'
 13476 | Lair:2   | Reached skill level 15 in Axes
 14259 | Lair:3   | Reached skill level 1 in Evocations
 14321 | Lair:3   | XOM: give mutations
 14321 | Lair:3   | Gained mutation: You have sharp toenails. [Xom's grace]
 14321 | Lair:3   | Gained mutation: You are strong-willed. (Will+) [Xom's
                  | grace]
 14388 | Lair:3   | XOM: give mutations
 14388 | Lair:3   | Lost mutation: Your flesh is heat resistant. (rF+) [Xom's
                  | mischief]
 14388 | Lair:3   | Lost mutation: You sometimes lose the ability to read
                  | scrolls when taking damage. [Xom's mischief]
 14486 | Lair:3   | XOM: give mutations
 14486 | Lair:3   | Gained mutation: Your spells are a little harder to cast,
                  | but a little more powerful. [Xom's grace]
 14486 | Lair:3   | Gained mutation: Your skin changes colour to match your
                  | surroundings (Stealth+). [Xom's grace]
 14554 | Lair:3   | Noticed a six-headed hydra
 14562 | Lair:3   | Killed a four-headed hydra
 14571 | Lair:3   | XOM: scenery: create altars
 14668 | Lair:3   | Reached skill level 5 in Evocations
 14773 | Lair:3   | Found a staircase to the Shoals.
 15716 | Lair:4   | Found a hole to the Spider Nest.
 15728 | Lair:4   | Noticed a seven-headed hydra
 16237 | Lair:4   | XOM is BORED!
 16360 | Lair:4   | Killed a five-headed hydra
 16387 | Lair:4   | XOM: 1-stop teleportation journey
 16394 | Lair:4   | XOM: noise
 16720 | Lair:4   | Noticed a death yak
 16725 | Lair:4   | XOM: divination: detect creatures
 16735 | Lair:4   | Killed a death yak
 16735 | Lair:4   | Noticed a death yak
 16736 | Lair:4   | Reached skill level 5 in Fighting
 16746 | Lair:4   | XOM: noise
 16821 | Lair:4   | Noticed a death yak
 16822 | Lair:4   | Noticed a death yak
 16842 | Lair:4   | XOM: enchant monster (good)
 16847 | Lair:4   | Noticed a death yak
 16849 | Lair:4   | XOM: enchant monster (good)
 16851 | Lair:4   | Killed a death yak
 16853 | Lair:4   | Killed a death yak
 16854 | Lair:4   | Reached XP level 13. HP: 67/104 MP: 12/12
 17123 | Lair:4   | XOM: summons 6 hostile demons
 17401 | Lair:5   | XOM: snakes to sticks
 17456 | Lair:5   | Identified the +4 hunting sling of Perversion {freeze, rF+}
 17471 | Lair:5   | XOM: fog
 17747 | Lair:5   | XOM: confuse monster(s)
 17758 | Lair:5   | Reached skill level 10 in Fighting
 18079 | Lair:5   | Reached skill level 1 in Throwing
 18490 | Lair:6   | Entered Level 6 of the Lair of Beasts
 18511 | Lair:6   | XOM: polymorph cane toad -> basilisk
 18671 | Lair:6   | XOM: scenery: summon butterflies
 18680 | Lair:6   | Reached skill level 5 in Throwing
 18696 | Lair:6   | XOM: confuse monster(s)
 18715 | Lair:6   | XOM: divination: detect items
 18948 | Lair:6   | XOM: polymorph elephant -> komodo dragon
 19329 | Lair:6   | Found a runed translucent door.
 19329 | Lair:6   | Found a viscous altar of Jiyva.
 19426 | Lair:6   | XOM: confuse monster(s)
 19428 | Lair:6   | XOM: cast spell 'Call Canine Familiar'
 19431 | Lair:6   | XOM: divination: magic mapping
 19462 | Lair:6   | XOM: give mutations
 19462 | Lair:6   | Gained mutation: Your muscles are strong. (Str +2) [Xom's
                  | grace]
 19462 | Lair:6   | Gained mutation: You are mostly covered in iridescent
                  | scales. (AC +4) [Xom's grace]
 19462 | Lair:6   | Gained mutation: You have a beak for a mouth. [Xom's grace]
 19462 | Lair:6   | Gained mutation: You are completely covered in iridescent
                  | scales. (AC +6) [Xom's grace]
 19485 | Lair:6   | Reached XP level 14. HP: 113/121 MP: 13/13
 19556 | Lair:6   | XOM is BORED!
 19556 | Lair:6   | XOM: summons 8 hostile demons
 19736 | Lair:6   | Noticed an acid blob
 19959 | Lair:6   | XOM: summons friendly quasit
 19967 | Lair:6   | XOM: enchant monster (good)
 19975 | Lair:6   | XOM: confuse monster(s)
 19976 | Lair:6   | XOM: cast spell 'Disjunction'
 19993 | Lair:6   | XOM: god gift: ring mail {god gift}
 20000 | Lair:6   | XOM: polymorph death yak -> minotaur
 20007 | Lair:6   | XOM: confusion (+ monsters)
 20505 | Lair:6   | XOM: silly message
 20556 | Lair:6   | Noticed an acid blob
 20559 | Lair:6   | Found a staircase to the Slime Pits.
 20891 | Orc:1    | XOM: god gift: 10 stones
 20965 | Orc:1    | XOM: divination: magic mapping
 20972 | Orc:1    | XOM: potion effect (haste)
 21093 | Orc:1    | Found a runed translucent door.
 21094 | Orc:1    | Noticed SirDiesAlot's ghost (journeyman FoAK)
 21127 | Orc:1    | XOM: silly message
 21294 | Orc:1    | XOM: divination: magic mapping
 21448 | Orc:2    | Entered Level 2 of the Orcish Mines
 21461 | Orc:2    | Found a staircase to the Elven Halls.
 21506 | Orc:2    | XOM: 1-stop teleportation journey
 21511 | Orc:2    | Reached skill level 10 in Throwing
 21705 | Orc:2    | Found Resuf Tim's General Store.
 21705 | Orc:2    | Found Juby's Weapon Boutique.
 21708 | Orc:2    | Found Figusch's Antique Weapon Shop.
 21709 | Orc:2    | Found Ujiotesh's Weapon Shoppe.
 21853 | Orc:2    | Found Muumutz's Assorted Antiques.
 21864 | Orc:2    | Bought a potion of mutation for 240 gold pieces
 21864 | Orc:2    | Bought a scroll of enchant armour for 225 gold pieces
 21864 | Orc:2    | Bought a potion of might for 120 gold pieces
 21867 | Orc:2    | Found Zetavvi's Book Shoppe.
 21929 | Orc:2    | Found Wiqo's Antique Weapon Shoppe.
 22084 | Orc:2    | Found Goats's Antique Armour Emporium.
 22170 | Orc:2    | XOM: silly message
 22565 | D:11     | XOM: give mutation
 22565 | D:11     | Gained mutation: You are partially covered in large bone
                  | plates. (SH +4) [Xom's grace]
 22675 | D:11     | XOM: god gift: 6 curare-tipped darts
 23661 | D:12     | XOM: scenery: summon butterflies
 24096 | D:13     | XOM: god gift: 10 stones
 24312 | D:13     | XOM: enchant monster (bad)
 24341 | D:13     | XOM: enchant monster (bad)
 24797 | D:13     | XOM: give mutations
 24797 | D:13     | Lost mutation: You are completely covered in iridescent
                  | scales. (AC +6) [Xom's mischief]
 24797 | D:13     | Lost mutation: You have a beak for a mouth. [Xom's
                  | mischief]
 24797 | D:13     | Gained mutation: Your body sometimes deteriorates upon
                  | taking damage. [Xom's mischief]
 24797 | D:13     | Lost mutation: You are strong-willed. (Will+) [Xom's
                  | mischief]
 25039 | D:14     | XOM: 1-stop teleportation journey
 25109 | D:14     | XOM: confuse monster(s)
 25142 | D:14     | XOM: potion effect (curing)
 25299 | D:14     | XOM: cast spell 'Chain of Chaos'
 25343 | D:14     | Reached XP level 15. HP: 46/126 MP: 14/14
 25626 | D:14     | Found a gate to the Vaults.
 25646 | D:14     | XOM: enchant monster (good)
 25650 | D:14     | XOM: divination: detect items
 25653 | D:14     | Reached skill level 12 in Shields
 25777 | D:14     | Upgraded the game from 0.29-a0-341-g24ffce5b50 to
                  | 0.29-a0-344-ge2f44be95a
 25802 | D:14     | XOM: cast spell 'Summon Small Mammal'
 26046 | D:14     | You are sucked into a shaft and drop 1 floor!
 26046 | D:15     | Entered Level 15 of the Dungeon
 26157 | D:15     | XOM: cast spell 'Summon Small Mammal'
 26163 | D:15     | XOM: cast spell 'Summon Mana Viper'
 26238 | D:15     | Reached skill level 13 in Shields
 26276 | D:15     | XOM: divination: detect creatures
 26465 | D:15     | XOM: 5-stop teleportation journey
 26584 | D:15     | Found a staircase to the Depths.
 26864 | D:15     | XOM: god gift: 44 gold pieces
 26883 | D:15     | XOM: god gift: wand of acid (6)
 27094 | D:15     | Found Ytsu's Gadget Gallery.
 27099 | D:15     | Bought a tin of tremorstones (2/2) for 640 gold pieces
 27119 | D:15     | XOM: scenery: 1 doors open, 1 doors close
 27128 | D:15     | Reached skill level 14 in Shields
 27613 | Spider:1 | Entered Level 1 of the Spider Nest
 27615 | Spider:1 | XOM: polymorph orb spider -> slime creature
 27729 | Spider:1 | XOM: noise
 27856 | Spider:1 | Reached skill level 15 in Shields
 27892 | Spider:1 | XOM: enchant monster (bad)
 27901 | Spider:1 | XOM: give mutation
 27901 | Spider:1 | Lost mutation: You are clumsy. (Dex -2) [Xom's grace]
 27906 | Spider:1 | XOM: give mutations
 27906 | Spider:1 | Lost mutation: You have sharp toenails. [Xom's mischief]
 27906 | Spider:1 | Lost mutation: Your skin changes colour to match your
                  | surroundings (Stealth+). [Xom's mischief]
 27906 | Spider:1 | Gained mutation: Armour fits poorly on your strangely
                  | shaped body. [Xom's mischief]
 27908 | Spider:1 | XOM: blink monster(s)
 27943 | Spider:1 | XOM: 1-stop teleportation journey
 27990 | Lair:4   | XOM is BORED!
 27990 | Lair:4   | XOM: give mutation
 27990 | Lair:4   | Lost mutation: You occasionally shout uncontrollably at
                  | your foes. [Xom's mischief]
 28183 | Spider:1 | XOM: scenery: create altars
 28222 | Spider:1 | Reached skill level 16 in Shields
 28305 | Spider:1 | XOM: smoke on damage
 28820 | Spider:1 | Reached skill level 17 in Shields
 29310 | Spider:2 | XOM: give mutation
 29310 | Spider:2 | Lost mutation: Your spells are a little harder to cast, but
                  | a little more powerful. [Xom's mischief]
 29332 | Spider:2 | Lost mutation: You have a pair of large horns on your head.
                  | [potion of mutation]
 29332 | Spider:2 | Lost mutation: You are partially covered in large bone
                  | plates. (SH +4) [potion of mutation]
 29332 | Spider:2 | Gained mutation: You expend magic power (3 MP) to
                  | strengthen your wands. [potion of mutation]
 29333 | Spider:2 | Lost mutation: Your muscles are strong. (Str +2) [potion of
                  | mutation]
 29333 | Spider:2 | Lost mutation: You expend magic power (3 MP) to strengthen
                  | your wands. [potion of mutation]
 29333 | Spider:2 | Gained mutation: You passively map a small area around you.
                  | [potion of mutation]
 29333 | Spider:2 | Gained mutation: You are frail. (-10% HP) [potion of
                  | mutation]
 29333 | Spider:2 | Gained mutation: You are very frail. (-20% HP) [potion of
                  | mutation]
 29368 | Spider:2 | Reached XP level 16. HP: 100/107 MP: 15/15
 29497 | Spider:2 | XOM: divination: detect creatures
 29502 | Spider:2 | XOM: 1-stop teleportation journey
 29594 | Spider:2 | XOM: cast spell 'Call Canine Familiar'
 29607 | Spider:2 | XOM: cleaving
 29714 | Spider:2 | Reached skill level 18 in Shields
 29815 | Spider:2 | XOM: cast spell 'Leda's Liquefaction'
 29825 | Spider:2 | XOM: divination: detect creatures
 30131 | Spider:2 | XOM: polymorph steelbarb worm -> orb spider
 30222 | Spider:2 | You fall into a shaft and drop 1 floor!
 30410 | Spider:3 | XOM: god gift: leather armour {god gift}
 30455 | Spider:3 | XOM: give mutations
 30455 | Spider:3 | Lost mutation: You are very frail. (-20% HP) [Xom's grace]
 30455 | Spider:3 | Gained mutation: You are completely covered in iridescent
                  | scales. (AC +6) [Xom's grace]
 30455 | Spider:3 | Gained mutation: You are partially covered in large bone
                  | plates. (SH +4) [Xom's grace]
 30455 | Spider:3 | Gained mutation: Your mind is acute. (Int +2) [Xom's grace]
 30581 | Spider:3 | XOM: give mutation
 30581 | Spider:3 | Gained mutation: Your mind is very acute. (Int +4) [Xom's
                  | grace]
 30770 | Spider:3 | XOM: 1-stop teleportation journey
 30996 | Spider:2 | XOM: scenery: summon butterflies
 31225 | Spider:3 | XOM: confusion
 31231 | Spider:3 | HP: 1/169 [jorogumo (14)]
 31232 | Spider:3 | Killed from afar by a meliai

Illustrated notes

Levels and vault maps discovered:
D:1:      dpeg_arrival_round_b, layout_basic, ebering_ecumenical_altar_rust,
          nicolae_wormholes
D:2:      layout_loops_corners, basic_altar, minmay_tetromino_l2,
          uniq_crazy_yiuf_cottage
D:3:      layout_basic, nicolae_overflow_hidden_temple, uniq_grinder, uniq_ijyb
D:4:      layout_gridville, kennysheep_little_box,
          mainiacjoe_overflow_small_starburst, cheibrodos_sewer_entry_sluice,
          kennysheep_boxes, uniq_natasha
D:5:      layout_basic
D:6:      layout_basic, minmay_temple_entry_mini_moons, uniq_menkaure,
          uniq_prince_ribbit1, uniq_maggie
D:7:      layout_basic, enter_bailey_4, minmay_alternating_orb
D:8:      layout_cave_pools, bloody_makhleb, minmay_lindwurm_lava
D:9:      layout_big_octagon, mainiacjoe_overflow_tiny_flanked,
          old_standard_altar, uniq_joseph
D:10:     layout_irregular_city, kennysheep_ying_yang,
          mainiacjoe_overflow_catwalk, lair_entry_dummy
D:11:     layout_basic
D:12:     layout_loops_corners
D:13:     layout_basic, nrook_pool_corridor
D:14:     layout_stronghold, grunt_vaults_entry_fortified, serial_park_square1
          [serial_park_minivault_5x5_7], kennysheep_donut
D:15:     grunt_enter_depths_hoard, layout_grid_maze, nicolae_shop_gadgets
Lair:1:   layout_roguey
Lair:2:   layout_roguey, beast_lair_carwin_2
Lair:3:   layout_gridlike, minmay_shoals_entry_beasts, serial_bayou_shore_a
Lair:4:   layout_regular_city, hellmonk_spider_entry_not_the_bees,
          chequers_serial_rivers_large_a, st_stairs_9, beast_lair_carwin_5
Lair:5:   layout_loops_ring, serial_forest, infiniplex_forest_end_1,
          infiniplex_forest_clump_medium, infiniplex_forest_straight_2,
          infiniplex_forest_corner_2, infiniplex_forest_straight_2,
          infiniplex_forest_clump_long, infiniplex_forest_lined_room_2,
          infiniplex_forest_clump_tiny
Lair:6:   evilmike_catoblepas_cave, layout_concentric_octagons, slime_altar_2,
          grunt_forest_large_clearing_hut, lemuel_fruit_tree,
          infiniplex_staircase_pool_2
Spider:1: layout_spider_delve, nicolae_spider_nooks_and_crannies
Spider:2: layout_spider_delve, hangedman_spider_tarantella_strand
Spider:3: cheibrodos_forgotten_conduit
Orc:1:    layout_diamond_mine, ebering_ghost_reflecting_pool
Orc:2:    st_orc_rangers, layout_caves, basic_altar, serial_shops, shop_statue,
          nicolae_shop_temple_entry_statues_fountains, shop,
          nicolae_shop_hallway_plus, lightli_orcish_oven

Skill      XL: |  1  2  3  4  5  6  7  8  9 10 11 12 13 14 15 16 |
---------------+-------------------------------------------------+-----
Polearms       | 4 5 7 |  7.7
Armour         | 4 5 6 8 10 | 10.5
Staves         | 2 6 8 |  8.0
Axes           | 5 9 12 14 15 17 | 17.3
Shields        | 7 11 17 18 | 18.7
Evocations     | 8 |  8.0
Fighting       | 6 10 11 | 11.3
Throwing       | 6 12 | 12.0
Dodging        | 2 |  2.5

Action                   |  1- 3 |  4- 6 |  7- 9 | 10-12 | 13-15 | 16-18 || total
-------------------------+-------+-------+-------+-------+-------+-------++-------
Melee: Spear             |   114 |    33 |       |       |       |       ||   147
       Headbutt          |    10 |    11 |    45 |    70 |   192 |    42 ||   370
       Falchion          |     2 |       |       |       |       |       ||     2
       Quarterstaff      |       |    69 |   252 |     4 |       |       ||   325
       Broad axe         |       |       |       |   371 |   763 |   158 ||  1292
       Hand axe          |       |       |       |     5 |    10 |       ||    15
       Peck              |       |       |       |       |    50 |       ||    50
Throw: Dart              |       |       |       |     4 |     1 |       ||     5
       Boomerang         |       |       |       |       |    65 |     5 ||    70
Evoke: Piece from Xom's  |       |    10 |     1 |     2 |       |       ||    13
       Wand              |       |       |     4 |     3 |    11 |       ||    18
       Condenser vane    |       |       |       |     1 |     2 |       ||     3
       Tin of tremorston |       |       |       |       |     2 |       ||     2
  Use: Potion            |       |     2 |     7 |     3 |     8 |    14 ||    34
       Scroll            |       |     5 |     9 |    18 |     9 |     4 ||    45
 Stab: Confused          |     1 |       |       |     1 |     5 |       ||     7
       Paralysed         |       |       |     2 |     1 |     2 |       ||     5
       Petrified         |       |       |     5 |       |       |       ||     5
       Petrifying        |       |       |     1 |       |       |       ||     1
       Invisible         |       |       |       |       |     2 |       ||     2
       Sleeping          |       |       |       |       |       |     1 ||     1
Armor: Leather armour    |    16 |       |       |       |       |       ||    16
       Plate armour      |    20 |    45 |   129 |   155 |       |       ||   349
       Skin              |       |     3 |       |       |       |    26 ||    29
       Gold dragon scale |       |       |       |     8 |   441 |   116 ||   565
Dodge: Dodged            |    30 |    22 |   124 |   141 |   169 |    25 ||   511
Block: Kite shield       |       |       |       |   196 |   271 |       ||   467
       Tower shield      |       |       |       |       |   344 |   215 ||   559

Table legend: (Time is in decaauts)
 A = Elapsed time spent in this place.
 B = Non-inter-level travel time spent in this place.
 C = Inter-level travel time spent in this place.
 D = Time resting spent in this place.
 E = Time spent auto-exploring this place.
 F = Levels seen in this place.
 G = Mean time per level.
                   A        B        C        D        E       F      G
               +--------+--------+--------+--------+--------+-----+--------+
         Total |  31122 |  28380 |   2742 |   4550 |  19373 |  28 | 1111.5 |
       Dungeon |  16505 |  14906 |   1599 |   1762 |  11037 |  15 | 1100.3 |
          Lair |   8785 |   8048 |    737 |   1346 |   5646 |   6 | 1464.2 |
   Spider Nest |   3417 |   3108 |    309 |   1111 |   1273 |   3 | 1139.0 |
  Orcish Mines |   1422 |   1327 |     95 |      2 |   1088 |   2 |  711.0 |
         Sewer |    231 |    231 |      0 |      0 |    190 |   1 |  231.0 |
        Bailey |    759 |    759 |      0 |    329 |    138 |   1 |  759.0 |
               +--------+--------+--------+--------+--------+-----+--------+

Top non-repeatable levels by time:
  Lair:6: 2075 daAuts
  Lair:4: 1976 daAuts
     D:7: 1643 daAuts
  Lair:1: 1535 daAuts
Spider:1: 1456 daAuts
     D:4: 1439 daAuts
Spider:2: 1338 daAuts
    D:15: 1335 daAuts
     D:2: 1325 daAuts
    D:14: 1260 daAuts
     D:5: 1232 daAuts
  Lair:5: 1212 daAuts
     D:8: 1116 daAuts
     D:9: 1082 daAuts
  Lair:2: 1043 daAuts
